 Dungeon Crawl Stone Soup version 0.20.0-1-g1cb1d84 (webtiles) character file.

1293 FakerFangirl the Basher (level 8, -1/69 HPs)
             Began as a Pale Draconian Fighter on May 26, 2017.
             Was a Follower of Cheibriados.
             Slain by a chaos spawn (7 damage)
             ... summoned by a kobold demonologist
             ... on level 6 of the Dungeon.
             The game lasted 00:05:45 (6186 turns).

FakerFangirl the Basher (Pale Draconian Fighter)    Turns: 6186, Time: 00:05:45

Health: -1/69      AC:  9    Str: 21    XL:     8   Next: 30%
Magic:  8/8        EV: 11    Int: 10    God:    Cheibriados [*.....]
Gold:   323        SH: 10    Dex: 15    Spells: 7/7 levels left

rFire    . . .     SeeInvis .   Y - +0 flail
rCold    . . .     Gourm    .   b - +0 shield
rNeg     . . .     Faith    .   (armour unavailable)
rPois    .         Spirit   .   (helmet restricted)
rElec    .         Reflect  .   (no cloak)
rCorr    .         Harm     .   i - +0 pair of gloves
MR       .....                  j - +1 pair of boots
Stlth    +.........             (no amulet)
Regen    0.3/turn               (no ring)
MPRegen  0.2/turn               (no ring)

@: very slow
A: breathe steam, unfitting armour, cold-blooded, AC +6
a: Breathe Steam, Bend Time, Renounce Religion


You were on level 6 of the Dungeon.
You worshipped Cheibriados.
Cheibriados was aware of your devotion.
You were not hungry.

You visited 2 branches of the dungeon, and saw 7 of its levels.

You collected 323 gold pieces.


Innate Abilities, Weirdness & Mutations

You can breathe blasts of scalding, opaque steam.
Your pale cyan-grey scales are hard. (AC +6)
You cannot fit into any form of body armour.
You are cold-blooded and may be slowed by cold attacks.


   Skills:
 - Level 5.4 Fighting
 - Level 9.0 Maces & Flails
 + Level 2.9 Dodging
 - Level 4.0 Shields


You had 7 spell levels left.
You didn't know any spells.

Inventory:

Hand Weapons
 Y - a +0 flail (weapon)
Missiles
 p - a tomahawk (quivered)
Armour
 b - a +0 shield (worn)
 i - a +0 pair of gloves (worn)
 j - a +1 pair of boots (worn)
Wands
 q - a wand of random effects (41/48)
Scrolls
 m - 3 scrolls of remove curse
Potions
 a - a potion of curing
 c - 2 potions of might
 f - a potion of heal wounds
 g - a potion of resistance {unknown}
 k - a potion of haste {unknown}
 n - a potion of cancellation {unknown}
 o - a potion of flight {unknown}
 r - a potion of brilliance {unknown}
Comestibles
 d - 2 bread rations
 e - 7 fruits
 h - a royal jelly
 l - 4 meat rations
 t - 2 chunks of flesh

Dungeon Overview and Level Annotations

Branches:
Dungeon (6/15)             Temple (1/1) D:4

Altars:
Ashenzari
Cheibriados
Dithmenos
Elyvilon
Fedhas
Kikubaaqudgha
Nemelex Xobeh
Okawaru
Qazlal
Uskayaw
Vehumet
Yredelemnul
Zin
The Shining One

Annotations:
D:5 mezee's ghost, novice DsAK


Message History

The ufetubus barely misses you. The shadow imp hits you.
The orc priest jeers to no one in particular.
You hit the ufetubus.
The ufetubus is lightly wounded.
The shadow imp disappears in a puff of smoke!
The ufetubus splashes around in the water.
You block the ufetubus's attack.
The kobold demonologist casts a spell.
You block the ufetubus's attack. x2
The shadow imp hits you but does no damage.
You closely miss the ufetubus.
Your tail-slap misses the ufetubus.
The ufetubus is lightly wounded.
The ufetubus completely misses you. The ufetubus hits you.
You closely miss the ufetubus. You tail-slap the ufetubus.
You kill the ufetubus!
The orc priest looks encouraged for a moment.
You bludgeon the chaos spawn!!
The chaos spawn is heavily wounded.
The chaos spawn gores you! The chaos spawn shocks you!
You die...

####+####
#.~...~.#
#.~...~.#
#5~~~P~.#
#K~~@P~o#
#5~P45~o#
#.~=..~.#
#.~...~.#
####+####


You could see a kobold demonologist, a chaos spawn, 2 orc priests and 3 shadow
imps.

Vanquished Creatures
  Grinder (D:3)
  A sky beast (D:3)
  5 ogres
  A scorpion (D:5)
  3 crimson imps
  2 orc wizards
  2 orc priests (D:3)
  2 iguanas
  3 worker ants (D:4)
  3 gnolls (D:2)
  A howler monkey skeleton (D:5)
  4 adders
  An ooze (D:2)
  An adder skeleton (D:4)
  4 worms
  4 dart slugs
  8 leopard geckos
  14 orcs
  3 bats
  4 giant cockroaches
  5 goblins
  10 hobgoblins
  8 jackals
  8 kobolds
  3 quokkas
  A ball python (D:4)
  3 frilled lizards
  2 quokka skeletons
  A quokka zombie (D:5)
  5 rats
113 creatures vanquished.

Notes
Turn   | Place    | Note
-------+----------+-------------------------------------------
     0 | D:1      | FakerFangirl the Draconian Fighter began the quest for the Orb.
     0 | D:1      | Reached XP level 1. HP: 19/19 MP: 1/1
     0 | D:1      | 0 ||| counter = 81
   513 | D:1      | Reached XP level 2. HP: 19/26 MP: 2/2
   766 | D:1      | 766 ||| UPGRADING to pair of boots.
   771 | D:1      | 771 ||| READING scroll labeled FAECUF CYENIO.
   772 | D:1      | 772 ||| DRINKING 2 inky potions.
   773 | D:1      | 773 ||| DROPPING potion of agility.
   822 | D:2      | Reached skill level 3 in Maces & Flails
  1048 | D:2      | Reached XP level 3. HP: 17/31 MP: 3/3
  1386 | D:2      | Found a sparkling altar of Nemelex Xobeh.
  1665 | D:2      | Reached skill level 4 in Maces & Flails
  1956 | D:2      | Reached XP level 4. HP: 30/38 MP: 4/4
  2305 | D:2      | 2305 ||| READING scroll labeled KOICESH TEEQAU.
  2306 | D:2      | 2306 ||| READING scroll labeled TUAGO JOHOROFFAC.
  2307 | D:2      | 2307 ||| READING scroll labeled QEODOU LUD FOVUE.
  2308 | D:2      | 2308 ||| READING scroll labeled ZOEVU PAEK.
  2309 | D:2      | 2309 ||| DRINKING 2 pink potions.
  2359 | D:3      | 2359 ||| STAIRDANCE
  2379 | D:3      | Reached skill level 5 in Maces & Flails
  2488 | D:3      | Reached XP level 5. HP: 16/45 MP: 5/5
  2809 | D:3      | Noticed Grinder
  2837 | D:3      | Paralysed by Grinder for 4 turns
  2839 | D:3      | HP: 11/45 [Grinder (6)]
  2842 | D:3      | Killed Grinder
  2842 | D:3      | Reached skill level 7 in Maces & Flails
  2842 | D:3      | Reached XP level 6. HP: 8/51 MP: 6/6
  3264 | D:3      | 3264 ||| Stepping ~*~*~tactically~*~*~ (outnumbered).
  3446 | D:3      | Noticed a sky beast
  3459 | D:3      | HP: 13/52 [something (4)]
  3463 | D:3      | Killed a sky beast
  3463 | D:3      | Your scales start taking on a pale cyan-grey colour.
  3463 | D:3      | Reached XP level 7. HP: 9/60 MP: 7/7
  3830 | D:3      | 3830 ||| DRINKING 2 fizzy blue potions.
  4204 | D:4      | Found a staircase to the Ecumenical Temple.
  4261 | Temple   | Entered the Ecumenical Temple
  4262 | Temple   | 4262 ||| Entered T.
  4317 | Temple   | Became a worshipper of Cheibriados the Contemplative
  4375 | Temple   | 4375 ||| READING scroll labeled SOAK GENOU.
  4376 | Temple   | 4376 ||| READING scroll labeled WOAKOU PYHEA.
  4543 | D:4      | 4543 ||| EATING 5 fruits.
  4605 | D:4      | Reached skill level 8 in Maces & Flails
  4959 | D:5      | Entered Level 5 of the Dungeon
  5174 | D:5      | 5174 ||| SWAPPING to runed mace.
  5175 | D:5      | 5175 ||| SWAPPING to +0 flail.
  5176 | D:5      | 5176 ||| DROPPING +2 mace of protection.
  5178 | D:5      | Found a shattered altar of Ashenzari.
  5251 | D:5      | Reached XP level 8. HP: 69/69 MP: 8/8
  5278 | D:5      | Reached * piety under Cheibriados
  5334 | D:5      | Noticed mezee's ghost (novice DsAK)
  5443 | D:5      | 5443 ||| READING scroll of enchant armour.
  5443 | D:5      | 5443 ||| ENCHANTING +0 pair of boots.
  6028 | D:5      | 6028 ||| UPGRADING to pair of gloves.
  6033 | D:5      | 6033 ||| READING scroll labeled BIAREFAGIL.
  6122 | D:6      | Reached skill level 9 in Maces & Flails
  6168 | D:6      | HP: 11/69 [ogre/giant club (12)]
  6169 | D:6      | 6169 ||| READING scroll of teleportation.
  6170 | D:6      | 6170 ||| DRINKING 3 potions of heal wounds.
  6171 | D:6      | Noticed a kobold demonologist
  6172 | D:6      | 6172 ||| Stepping ~*~*~tactically~*~*~ (water).
  6176 | D:6      | 6176 ||| Stepping ~*~*~tactically~*~*~ (water).
  6177 | D:6      | HP: 15/69 [shadow imp[a kobold demonologist] (5)]
  6177 | D:6      | HP: 4/69 [orc priest/divine providence (11)]
  6178 | D:6      | 6178 ||| DRINKING 2 potions of heal wounds.
  6186 | D:6      | HP: 6/69 [chaos spawn[a kobold demonologist] (14)]
  6186 | D:6      | Slain by a chaos spawn

Vault maps used:
D:1:      lemuel_arrival_cross, hex_large, hex_intersection, lemuel_old_faithful
D:2:      nemelex_xobeh_ov_fountains_minmay, first_bread
D:3:      uniq_grinder
D:4:      minmay_temple_entry_grid
D:5:      wad_floor_pattern_2, evilmike_ruin_ashenzari
D:6:      gammafunk_wand_slinger, minitemple
Temple:   dshaligram_water_room_temple

Skill      XL: |  1  2  3  4  5  6  7  8 |
---------------+-------------------------+-----
Maces & Flails | 3 4 5 7 8 9 |  9.0
Fighting       | 4 5 |  5.4
Shields        | 4 |  4.0
Dodging        | |  2.9

Action                   |  1- 3 |  4- 6 |  7- 9 || total
-------------------------+-------+-------+-------++-------
Melee: Flail             |   116 |   143 |   153 ||   412
       Tailslap          |    12 |    18 |    28 ||    58
Throw: Tomahawk          |       |       |    25 ||    25
  Use: Scroll            |     1 |     4 |     5 ||    10
       Potion            |     1 |     1 |     3 ||     5
 Stab: Sleeping          |     1 |       |       ||     1
  Eat: Chunk             |     3 |     5 |     7 ||    15
       Fruit             |       |       |     1 ||     1
Armor: Skin              |    31 |    47 |    17 ||    95
Dodge: Dodged            |    38 |    48 |    40 ||   126
Block: Shield            |    45 |    54 |    55 ||   154
